 Dungeon Crawl Stone Soup version 0.29-a0-323-g050149af67 (webtiles) character file.

Game seed: 13274280281146292409

4 Ajdolov the Chiller (level 1, 0/13 HPs)
             Began as a Barachi Ice Elementalist on Apr 10, 2022.
             Slain by a kobold
             ... wielding a +0 whip
              (4 damage)
             ... on level 1 of the Dungeon.
             The game lasted 00:00:42 (126 turns).

Ajdolov the Chiller (Barachi Ice Elementalist)       Turns: 126, Time: 00:00:42

Health: 0/13       AC:  2    Str:  9    XL:     1   Next: 70%
Magic:  0/3        EV: 12    Int: 15    God:
Gold:   28         SH:  0    Dex: 12    Spells: 3/4 levels left

rFire   . . .      SeeInvis .   (no weapon)
rCold   . . .      Faith    .   (no shield)
rNeg    . . .      Spirit   .   a - +0 robe
rPois   .          Reflect  .   (no helmet)
rElec   .          Harm     .   (no cloak)
rCorr   .          Rampage  .   (no gloves)
Will    .....                   (no boots)
Stlth   ++........              (no amulet)
HPRegen 0.04/turn               (no ring)
MPRegen 0.08/turn               (no ring)

@: slow
A: amphibious, slowness 1, strong legs 1, +LOS
a: Hop


You were on level 1 of the Dungeon.
You visited 1 branch of the dungeon, and saw 1 of its levels.

You collected 28 gold pieces.

Inventory:

Armour
 a - a +0 robe (worn)
Scrolls
 c - a scroll of fog {unknown}
Potions
 b - a potion of magic


   Skills:
 - Level 2.1 Dodging
 - Level 1.7 Stealth
 + Level 2.3 Spellcasting
 * Level 5.0 Ice Magic


You had 3 spell levels left.
You knew the following spells:

 Your Spells              Type           Power      Damage    Failure   Level
a - Freeze                Ice            68%        1d8       2%          1

Your spell library contained the following spells:

 Spells                   Type           Power      Damage    Failure   Level
 Frozen Ramparts          Ice            34%        1d5       8%          3
 Ozocubu's Armour         Ice            17%        N/A       8%          3
 Hailstorm                Conj/Ice       9%         3d4       58%         4


Dungeon Overview and Level Annotations

Branches:
Dungeon (1/15)

Altars:


Innate Abilities, Weirdness & Mutations

You are amphibious.
You cover ground slowly.
You can hop short distances.
You have an extended range of vision and can be seen from far away.


Message History

A hobgoblin comes into view.
A rat comes into view.
The hobgoblin moves out of view.
c - a scroll labelled BIOKKI PAMA You freeze the hobgoblin.
The hobgoblin is almost dead.
The hobgoblin hits you but does no damage.
You freeze the hobgoblin.
You kill the hobgoblin!
You freeze the rat.
You kill the rat!
Your Ice Magic skill increases to level 5!
You see here a rat corpse.
You now have 28 gold pieces (gained 7).
You start resting.
Magic restored.
Found a dagger.
A frilled lizard comes into view.
A kobold comes into view. It is wielding a +0 whip.
You freeze the frilled lizard!
You kill the frilled lizard!
The kobold shouts!
You freeze the kobold.
The kobold is moderately wounded.
The kobold hits you with a +0 club.
You freeze the kobold.
You kill the kobold!
You are too depleted to draw on your mana recklessly!
You completely miss the kobold. The kobold hits you with a +0 whip.
The kobold attacks as you move away! The kobold closely misses you. x2
You freeze the kobold.
The kobold is severely wounded.
The kobold hits you but does no damage. The kobold attacks as you move away!
The kobold barely misses you. The kobold attacks as you move away!
The kobold closely misses you. The kobold attacks as you move away!
The kobold hits you with a +0 whip. The kobold barely misses you.
The kobold attacks as you move away! The kobold hits you with a +0 whip.
The kobold attacks as you move away! The kobold closely misses you.
The kobold attacks as you move away! The kobold hits you with a +0 whip.
You die...

##. #... ##########....
#.......).†...
####.########....
#................
#.##..###.###....
#.#######K...............
#.......@.........###.##.
######....##....).# .# .
##†##(##.###.## .. .
#####......#.###.# #.
..#######........†.......#
...........##......#.###.#
...≈≈........#.##.##.#
...≈≈.......)..##.##.#
.#......##...#.##.##.#


You could see a kobold.

Vanquished Creatures
  2 hobgoblins (D:1)
  A frilled lizard (D:1)
  A kobold (D:1)
  A rat (D:1)
5 creatures vanquished.

Notes
Turn   | Place    | Note
-------+----------+-------------------------------------------
     0 | D:1      | Ajdolov the Barachi Ice Elementalist began the quest for
                  | the Orb.
     0 | D:1      | Reached XP level 1. HP: 13/13 MP: 3/3
    55 | D:1      | Reached skill level 5 in Ice Magic
   126 | D:1      | Slain by a kobold

Illustrated notes

Levels and vault maps discovered:
D:1:      amcnicky_arrival_double_pillar, layout_loops_ring, nrook_uturn,
          minmay_cut_off

Skill      XL: |  1 |
---------------+----+-----
Ice Magic      | 5 |  5.0
Dodging        | |  2.1
Stealth        | |  1.7
Spellcasting   | |  2.3

Action                   || total
-------------------------++-------
Melee: Unarmed           ||     1
 Cast: Freeze            ||     8
Armor: Robe              ||     2
Dodge: Dodged            ||     6

Table legend: (Time is in decaauts)
 A = Elapsed time spent in this place.
 B = Non-inter-level travel time spent in this place.
 C = Inter-level travel time spent in this place.
 D = Time resting spent in this place.
 E = Time spent auto-exploring this place.
 F = Levels seen in this place.
 G = Mean time per level.
                   A        B        C        D        E       F      G
               +--------+--------+--------+--------+--------+-----+--------+
         Total |    139 |    139 |      0 |     29 |     44 |   1 |  139.0 |
       Dungeon |    139 |    139 |      0 |     29 |     44 |   1 |  139.0 |
               +--------+--------+--------+--------+--------+-----+--------+

Top non-repeatable levels by time:
     D:1: 139 daAuts
